 Dungeon Crawl Stone Soup version 0.29-a0-1008-g949cc1d0fb (webtiles) character file.

Game seed: 9296969384559704886

287 wingedge the Ruffian (level 6, -4/42 HPs)
             Began as a Human Wanderer on Aug 8, 2022.
             Was an Initiate of Okawaru.
             Slain by an iguana (8 damage)
             ... on level 3 of the Dungeon.
             The game lasted 00:14:03 (3914 turns).

wingedge the Ruffian (Human Wanderer)               Turns: 3914, Time: 00:14:04

Health: -4/42      AC:  5    Str: 20 (21) XL:     6   Next: 56%
Magic:  6/6        EV: 12    Int: 10 (12) God:    Okawaru [......]
Gold:   191        SH:  0    Dex: 11      Spells: 5/5 levels left

rFire   . . .      SeeInvis .     - Unarmed
rCold   . . .      Faith    .   (no shield)
rNeg    . . .      Spirit   .   s - +1 leather armour of Conscience {Str+5}
rPois   .          Reflect  .   (no helmet)
rElec   +          Harm     .   d - +0 cloak
rCorr   .          Rampage  .   (no gloves)
Will    .....                   (no boots)
Stlth   +.........              (no amulet)
HPRegen 0.14/turn               (no ring)
MPRegen 0.10/turn               (no ring)

@: no status effects
A: frail 1, electricity resistance
a: Renounce Religion


You were on level 3 of the Dungeon.
You worshipped Okawaru.
Okawaru was noncommittal.
You visited 1 branch of the dungeon, and saw 4 of its levels.

You collected 191 gold pieces.

Inventory:

Hand Weapons
 a - a +0 club
 h - a +0 sling of freezing
 k - a +0 dagger
Missiles
 r - 3 poisoned darts (quivered)
Armour
 d - a +0 cloak (worn)
 f - a +0 leather armour
 o - a +0 ring mail
 s - the +1 leather armour of Conscience (worn) {Str+5}
   (You found it on level 3 of the Dungeon)

   Str:       It affects your strength (+5).
Scrolls
 q - a scroll of brand weapon
Potions
 e - a potion of brilliance
 j - a potion of degeneration


   Skills:
 - Level 3.0 Fighting
 - Level 1.0 Ranged Weapons
 - Level 1.0 Throwing
 - Level 3.0 Armour
 + Level 3.8 Dodging
 - Level 5.0 Unarmed Combat


You had 5 spell levels left.
You didn't know any spells.
Your spell library was empty.

Dungeon Overview and Level Annotations

Branches:
Dungeon (4/15)
 Temple: D:4-7

Altars:
Nemelex Xobeh
Okawaru

Shops:
D:1 *


Innate Abilities, Weirdness & Mutations

You are frail. (-10% HP)
You are resistant to electric shocks. (rElec)


Message History

An adder comes into view.
Unknown command.
Throw: 4 darts (poison)
Press: ? - help, Q - select action Shift-Dir - straight line, f - black bear
Aim: a black bear (64% to hit)
You throw a poisoned dart. The poisoned dart hits the black bear.
The black bear is poisoned.
A hound comes into view.
The hound barks!
The iguana attacks as you move away! The iguana bites you!
The iguana attacks as you move away! The iguana bites you!
The iguana attacks as you move away! The iguana bites you.
The iguana attacks as you move away! The iguana bites you.
Okay, then.
Okay, then.
The iguana attacks as you move away! The iguana bites you.
The hound barely misses you.
There is a stone staircase leading down here.
The hound barely misses you.
There is a stone staircase leading up here.
The hound closely misses you.
The iguana hisses menacingly.
The iguana closely misses you.
You climb upwards.
There is a stone staircase leading down here.
You hit the hound but do no damage. The hound bites you.
The iguana completely misses you. The hound barely misses you.
You hit the iguana.
The iguana is lightly wounded.
The hound bites you but does no damage. The iguana closely misses you.
You hit the iguana.
The iguana is moderately wounded.
The hound bites you.
* * * LOW HITPOINT WARNING * * *
The iguana bites you!
* * * LOW HITPOINT WARNING * * *
You hit the iguana but do no damage.
The iguana is moderately wounded.
The hound closely misses you. x2; The iguana bites you!
You die...

#############
#.................
............#
#.#############.##
###########.# ##.#.## #.##
##.#.###.....## #)##
#.............# #...
##.#)###.....##########.##
#........................
#...###.l.############...
#...#..h@...###### #...
#................# #.#. #
#..##.......####.# ##.#. #
#....##...### #.####.... #
#..#.##...# #......... #
##...###### ######.... #
#...# ####. ##..# #. #..#
#######.


You could see an iguana and a hound.

Vanquished Creatures
  Pargi (D:3)
  An iguana (D:4)
  3 gnolls (D:3)
  6 adders
  2 worms (D:2)
  A dart slug (D:1)
  An orc (D:3)
  6 ball pythons
  3 endoplasms
  3 giant cockroaches
  11 goblins
  6 hobgoblins
  6 jackals
  5 quokkas
  5 bats
  4 frilled lizards
  5 kobolds
  5 rats
74 creatures vanquished.

Vanquished Creatures (others)
  46 plants (D:3)
46 creatures vanquished.

Grand Total: 120 creatures vanquished

Notes
Turn   | Place    | Note
-------+----------+-------------------------------------------
     0 | D:1      | wingedge the Human Wanderer began the quest for the Orb.
     0 | D:1      | wingedge set off with the following items: a +0 club, a
                  | scroll of blinking, a potion of curing, a +0 cloak, a
                  | potion of brilliance, a +0 leather armour, a potion of
                  | haste.
     0 | D:1      | Reached XP level 1. HP: 18/18 MP: 1/1
    84 | D:1      | Reached skill level 1 in Ranged Weapons
   290 | D:1      | Found Duinuil's Assorted Antiques.
   349 | D:1      | Reached XP level 2. HP: 23/24 MP: 2/2
   777 | D:1      | Reached skill level 3 in Unarmed Combat
   777 | D:1      | Reached XP level 3. HP: 16/29 MP: 3/3
  1016 | D:1      | Found a faded altar of an unknown god.
  1442 | D:2      | Reached XP level 4. HP: 29/35 MP: 4/4
  1700 | D:2      | Reached skill level 4 in Unarmed Combat
  2068 | D:2      | Reached XP level 5. HP: 39/41 MP: 5/5
  2415 | D:3      | Identified the +1 leather armour of Conscience {Str+5}
  2477 | D:3      | Found an iron altar of Okawaru.
  2487 | D:3      | Noticed Pargi
  2812 | D:3      | Killed Pargi
  2813 | D:3      | Reached XP level 6. HP: 21/47 MP: 6/6
  3113 | D:3      | Found a sparkling altar of Nemelex Xobeh.
  3168 | D:3      | Became a worshipper of Warmaster Okawaru
  3198 | D:3      | Reached skill level 5 in Unarmed Combat
  3890 | D:4      | Noticed a black bear
  3891 | D:4      | Gained mutation: You are frail. (-10% HP) [potion of
                  | mutation]
  3891 | D:4      | Gained mutation: You are resistant to electric shocks.
                  | (rElec) [potion of mutation]
  3914 | D:3      | Slain by an iguana

Illustrated notes

Levels and vault maps discovered:
D:1:      dpeg_arrival_lava_temple_mockup, layout_basic,
          hellmonk_ecumenical_altar_run_dry, serial_shops,
          nicolae_lakefront_shop, minmay_surrounded
D:2:      layout_loops_cross, hangedman_glass_teeth
D:3:      layout_loops_ring, mainiacjoe_overflow_catch_the_wave, uniq_pargi
D:4:      layout_rooms, portal_sewer_entry_b, due_unseen_surprise

Skill      XL: |  1  2  3  4  5  6 |
---------------+-------------------+-----
Ranged Weapons | 1 |  1.0
Unarmed Combat | 3 4 5 |  5.0
Armour         | 2 3 |  3.0
Fighting       | |  3.0
Throwing       | |  1.0
Dodging        | |  3.8

Action                   |  1- 3 |  4- 6 || total
-------------------------+-------+-------++-------
Melee: Unarmed           |   130 |   181 ||   311
       Club              |     6 |       ||     6
       Punch             |     3 |     4 ||     7
 Fire: Sling             |       |     7 ||     7
Throw: Dart              |       |     1 ||     1
  Use: Potion            |     1 |     7 ||     8
       Scroll            |       |     4 ||     4
Armor: Leather armour    |    33 |    40 ||    73
       Ring mail         |       |    25 ||    25
       Skin              |       |     4 ||     4
Dodge: Dodged            |    71 |   139 ||   210

Table legend: (Time is in decaauts)
 A = Elapsed time spent in this place.
 B = Non-inter-level travel time spent in this place.
 C = Inter-level travel time spent in this place.
 D = Time resting spent in this place.
 E = Time spent auto-exploring this place.
 F = Levels seen in this place.
 G = Mean time per level.
                   A        B        C        D        E       F      G
               +--------+--------+--------+--------+--------+-----+--------+
         Total |   3885 |   3706 |    179 |    970 |   1911 |   4 |  971.2 |
       Dungeon |   3885 |   3706 |    179 |    970 |   1911 |   4 |  971.2 |
               +--------+--------+--------+--------+--------+-----+--------+

Top non-repeatable levels by time:
     D:2: 1348 daAuts
     D:3: 1263 daAuts
     D:1: 1140 daAuts
     D:4: 133 daAuts
